 Dungeon Crawl Stone Soup version 0.32-a0-975-g85d4e5bfdb (webtiles) character file.

Game seed: 13225188318496913146

4832 whatisthis the Zephyrmancer (level 10, 0/63 HPs)
             Began as a Barachi Air Elementalist on Apr 18, 2024.
             Was a Follower of Vehumet.
             Killed by divine providence
             ... invoked by an orc priest
              (12 damage)
             ... on level 9 of the Dungeon.
             The game lasted 00:17:27 (11394 turns).

whatisthis the Zephyrmancer (BaAE)                 Turns: 11394, Time: 00:17:27

Health: 0/63       AC:  8    Str:  9    XL:     10   Next: 49%
Magic:  13/23      EV: 11    Int: 26    God:    Vehumet [*.....]
Gold:   481        SH:  5    Dex: 13    Spells: 17/27 levels left

rFire   + . .        g - +8 whip "Jelly's Funeral" {freeze, rN+}
rCold   . . .        (no shield)
rNeg    + . .        E - +0 robe {rF+}
rPois   .            B - +0 helmet
rElec   .            H - +1 cloak
rCorr   .            b - +0 pair of gloves
SInv    .            F - +1 pair of boots
Will    .....        u - amulet of reflection
Stlth   ++           h - +6 ring of intelligence
HPRegen 0.30/turn    k - ring of wizardry
MPRegen 0.18/turn

%: reflection, wizardry (x1)
@: swift, quick
A: amphibious, slowness 1, strong legs 1, +LOS
a: Hop, Renounce Religion


You were on level 9 of the Dungeon.
You worshipped Vehumet.
Vehumet was aware of your devotion.
You visited 2 branches of the dungeon, and saw 10 of its levels.

You collected 481 gold pieces.

Inventory:

Hand Weapons
 g - the +8 whip "Jelly's Funeral" (weapon) {freeze, rN+}
   (You took it off Robin on level 5 of the Dungeon)

   rN+:       It protects you from negative energy.
Missiles
 o - 12 poisoned darts
Armour
 b - a +0 pair of gloves (worn)
 B - a +0 helmet (worn)
 E - a +0 robe of fire resistance (worn)
 F - a +1 pair of boots (worn)
 H - a +1 cloak (worn)
Jewellery
 h - a +6 ring of intelligence (left hand)
 k - a ring of wizardry (right hand)
 n - a ring of protection from cold
 u - an amulet of reflection (around neck)
 x - an amulet of regeneration
 I - a ring of fire
Wands
 t - a wand of acid (21)
 y - a wand of mindburst (24)
 G - a wand of digging (3)
Scrolls
 a - 2 scrolls of immolation {unknown}
 c - a scroll of summoning {unknown}
 d - 2 scrolls of enchant weapon
 f - 2 scrolls of poison
 l - a scroll of fear {unknown}
 p - 2 scrolls of amnesia
 q - 2 scrolls of blinking
 r - 3 scrolls of fog
 s - 2 scrolls of teleportation
 w - 3 scrolls of vulnerability
 D - a scroll of noise {unknown}
Potions
 e - a potion of heal wounds {unknown}
 i - a potion of lignification {unknown}
 j - 3 potions of curing
 m - 3 potions of mutation {unknown}
 v - 2 potions of resistance {unknown}
 z - 7 potions of enlightenment {unknown}
 A - 2 potions of brilliance {unknown}
 C - 4 potions of magic


   Skills:
 - Level 2.1 Dodging
 - Level 1.7 Stealth
 + Level 9.2 Spellcasting
 + Level 9.5 Conjurations
 + Level 10.1 Air Magic


You had 17 spell levels left.
You knew the following spells:

 Your Spells              Type           Power      Damage    Failure   Level
a - Shock                 Conj/Air       100%       1d9       1%          1
b - Static Discharge      Conj/Air       100%       3-8/arc   1%          2
c - Swiftness             Air            60%        N/A       1%          3
d - Airstrike             Air            30%        2d(5-21)  1%          4

Your spell library contained the following spells:

 Spells                   Type           Power      Damage    Failure   Level
 Freeze                   Ice            44%        1d6       1%          1
 Apportation              Tloc           22%        N/A       1%          1
 Necrotise                Necr           44%        1d6       1%          1
 Sting                    Conj/Alch      100%       1d9       1%          1
 Summon Small Mammal      Summ           44%        N/A       1%          1
 Summon Lightning Spire   Summ/Air       38%        N/A       2%          4
 Sigil of Binding         Hex            11%        N/A       6%          3
 Anguish                  Hex/Necr       5%         N/A       21%         4
 Cause Fear               Hex            5%         N/A       21%         4
 Enfeeble                 Hex            5%         N/A       100%        7


Dungeon Overview and Level Annotations

Branches:
Dungeon (9/15)             Temple (1/1) D:5
   Lair: D:8-11         Orc: D:9-12

Altars:
Ashenzari
Cheibriados
Dithmenos
Elyvilon
Fedhas
Gozag
Hepliaklqana
Kikubaaqudgha
Makhleb
Nemelex Xobeh
Okawaru
Ru
Sif Muna
Trog
Uskayaw
Vehumet
Wu Jian
Xom
Yredelemnul
Zin
The Shining One

Shops:
D:5 *

Annotations:
D:4 3 runed translucent doors, dogverified's ghost, amateur OpSh
D:9 Prince Ribbit


Innate Abilities, Weirdness & Mutations

You are amphibious.
You cover ground slowly.
You can hop short distances.
You have an extended range of vision and can be seen from far away.


Message History

The yak barely misses you. The yak gores you.
The hornet looks as sick as possible!
The hornet misses you.
The seven-headed hydra bites you but does no damage.
The seven-headed hydra bites you.
The seven-headed hydra bites you but does no damage.
The seven-headed hydra bites you!
* * * LOW HITPOINT WARNING * * *
The seven-headed hydra barely misses you.
The seven-headed hydra bites you but does no damage. x2
You feel better.
Your surroundings suddenly seem different.
An orc priest, a kobold and 3 yaks come into view.
Found a scroll labelled UFEET GAQOROC.
The yak bellows! x2; The orc shouts! x2; You hear a bellow!
An orc comes into view. It is wielding a +0 whip.
The yak bellows!
Casting: Airstrike (safe; 1% risk of failure)
Confirm with . or Enter, or press ? or * to list all spells.
You feel quick.
The orc priest shouts!
The kobold shouts!
You hear a shout!
The orc priest calls down the wrath of Beogh upon you.
Beogh smites you!
* * * LOW HITPOINT WARNING * * *
You feel better. Vehumet accepts your kill.
You feel a bit more experienced.
A kobold brigand comes into view.
It is wielding a +0 club and quivering curare-tipped darts.
Vehumet accepts your kill.
You feel a bit more experienced.
The orc priest mumbles some strange prayers to Beogh against you.
Beogh smites you!
* * * LOW HITPOINT WARNING * * *
Blink to where?
Press: ? - help, Dir - move target
As you read the scroll of blinking, it crumbles to dust.
Things that are here:
a +0 giant spiked club; a +0 giant spiked club; a two-headed ogre skeleton The orc priest calls down the wrath of Beogh upon you.
Beogh smites you!
You die...

#..## ......# #...##
!.....# #######....###
#......#
#............##.......#
#.....................#
#...................[.#
###...ยง.....?...........#
.K.......oo..............
.....Y.....o....@.......#
###.....Y.YoYo.)........#
#......................
#........$.....$......#
#............##.....#.#
##........#### ###.#...
##.......# ...#. ###..#.##
..# ...#.# <..


You could see 3 yaks, an orc priest, an orc wizard and 3 orcs.

Vanquished Creatures
  2 two-headed ogres
  Maggie (D:6)
  A kobold demonologist (D:9)
  2 hornets (D:9)
  A yak (D:9)
  2 water moccasins (D:7)
  2 orc warriors
  An ice beast (D:8)
  2 sky beasts (D:6)
  2 ogres
  A centaur (D:6)
  A bullfrog (D:7)
  A gnoll sergeant (D:5)
  A scorpion (D:5)
  4 wights (D:8)
  6 killer bees (D:8)
  A howler monkey (D:7)
  3 orc priests
  Crazy Yiuf (D:6)
  2 bombardier beetles
  6 jellies
  4 hounds
  Ijyb (D:5)
  2 iguanas
  3 orc wizards
  A sleepcap (D:6)
  Robin (D:5)
  8 gnolls
  8 adders
  A shadow imp (D:8)
  A white imp (D:6)
  2 dart slugs
  A ribbon worm (D:4)
  25 orcs
  5 ball pythons
  5 endoplasms
  2 giant cockroaches
  9 goblins
  10 hobgoblins
  5 jackals
  4 quokkas
  7 bats
  4 frilled lizards
  6 kobolds
  8 rats
166 creatures vanquished.

Notes
Turn   | Place    | Note
-------+----------+-------------------------------------------
     0 | D:1      | whatisthis the Barachi Air Elementalist began the quest for
                  | the Orb.
     0 | D:1      | Reached XP level 1. HP: 13/13 MP: 3/3
   226 | D:1      | Reached XP level 2. HP: 19/19 MP: 0/5
   379 | D:1      | Learned a level 2 spell: Static Discharge
   918 | D:1      | Reached XP level 3. HP: 24/24 MP: 0/7
  1003 | D:1      | Learned a level 3 spell: Swiftness
  1985 | D:2      | Reached skill level 4 in Air Magic
  1985 | D:2      | Reached XP level 4. HP: 25/30 MP: 3/8
  3002 | D:3      | Found a faded altar of an unknown god.
  3317 | D:3      | Reached XP level 5. HP: 35/35 MP: 8/10
  3396 | D:3      | Found a broken altar of Ashenzari.
  3827 | D:4      | Learned a level 4 spell: Airstrike
  4019 | D:4      | Found a blossoming altar of Fedhas.
  4022 | D:4      | Found an iron altar of Okawaru.
  4111 | D:4      | You fall into a shaft and drop 1 floor!
  4111 | D:5      | Entered Level 5 of the Dungeon
  4450 | D:4      | Found a runed translucent gate.
  4450 | D:4      | Found a runed translucent gate.
  4450 | D:4      | Found a runed translucent gate.
  4453 | D:4      | Found an opulent altar of Gozag.
  4453 | D:4      | Noticed a centaur
  4454 | D:4      | Noticed an ogre
  4456 | D:4      | Noticed dogverified's ghost (amateur OpSh)
  4878 | D:4      | Found a bloodstained altar of Trog.
  5196 | D:4      | Reached XP level 6. HP: 17/41 MP: 4/12
  5284 | D:5      | Noticed Ijyb
  5288 | D:5      | Killed Ijyb
  5288 | D:5      | Noticed Robin
  5289 | D:5      | Reached skill level 5 in Air Magic
  5533 | D:5      | Identified the +8 whip "Jelly's Funeral" {freeze, rN+}
  5535 | D:5      | Killed Robin
  5740 | D:5      | Found Zin's Purification Station.
  5742 | D:5      | Found a glowing silver altar of Zin.
  5806 | D:5      | Reached XP level 7. HP: 46/46 MP: 7/13
  6124 | D:5      | Reached skill level 5 in Spellcasting
  6570 | D:5      | Found a staircase to the Ecumenical Temple.
  6674 | Temple   | Entered the Ecumenical Temple
  6685 | Temple   | Became a worshipper of Vehumet
  6755 | D:6      | Noticed Maggie
  6760 | D:6      | Killed Maggie
  6761 | D:6      | Reached skill level 5 in Conjurations
  6761 | D:6      | Reached skill level 6 in Air Magic
  6761 | D:6      | Reached XP level 8. HP: 39/52 MP: 2/16
  7254 | D:6      | Reached skill level 7 in Air Magic
  8352 | D:6      | Found a runed translucent door.
  8353 | D:6      | Noticed Crazy Yiuf
  8360 | D:6      | Killed Crazy Yiuf
  8526 | D:7      | Reached XP level 9. HP: 57/57 MP: 10/19
  8816 | D:7      | Found a snail-covered altar of Cheibriados.
  8854 | D:7      | Reached skill level 8 in Air Magic
  9083 | D:7      | Found a shimmering blue altar of Sif Muna.
  9143 | D:7      | Found a burning altar of Makhleb.
  9535 | D:8      | Noticed a two-headed ogre
 10141 | D:8      | Killed a two-headed ogre
 10142 | D:8      | Reached skill level 9 in Air Magic
 10149 | D:8      | Reached * piety under Vehumet
 10149 | D:8      | Offered knowledge of Freeze by Vehumet.
 10154 | D:8      | Reached XP level 10. HP: 14/63 MP: 3/22
 10607 | D:8      | Identified the +4 ring mail "Ravu Oga" {Fly rC++ Int-4
                  | Slay+3}
 11068 | D:9      | Noticed a kobold demonologist
 11072 | D:9      | Killed a kobold demonologist
 11075 | D:9      | Noticed a two-headed ogre
 11141 | D:9      | Killed a two-headed ogre
 11142 | D:9      | Reached skill level 10 in Air Magic
 11373 | D:9      | Found a shadowy altar of Dithmenos.
 11373 | D:9      | Noticed Prince Ribbit
 11381 | D:9      | Noticed a seven-headed hydra
 11394 | D:9      | Killed from afar by an orc priest

Illustrated notes

Levels and vault maps discovered:
D:1:      saegor_arrival_simple_c, layout_loops_ring, serial_rivers,
          chequers_serial_rivers_small_b, chequers_serial_rivers_small_3,
          chequers_serial_rivers_micro_d, chequers_serial_rivers_small_a,
          chequers_serial_rivers_micro_b, chequers_serial_rivers_micro_e,
          minmay_pentomino_z2
D:2:      layout_basic, kennysheep_generic_room_6
D:3:      layout_rooms, lemuel_coloured_pillars_altar,
          hellmonk_ecumenical_altar_dog_temple
D:4:      layout_layer_cave, nicolae_overflow_squiral,
          mainiacjoe_overflow_24_doors, ebering_ghost_gozag
D:5:      layout_cave_pools, zin_purify, lemuel_temple_firewalk_a,
          dreamdust_princess_corridor, minmay_misc_feat_cross,
          nicolae_goblin_pals
D:6:      layout_loops_ring, uniq_maggie, uniq_crazy_yiuf_cottage
D:7:      layout_gridville, nicolae_sif_muna_little_library,
          kennysheep_slug_shrine, bloody_makhleb
D:8:      layout_layer_cave, roderic_roman_lattice, grunt_ministairs_8
D:9:      layout_rooms, nicolae_qazlal_eye_of_the_storm, amcnicky_altar_gilded,
          uniq_prince_ribbit1
Temple:   hellmonk_temple_flake

Skill      XL: |  1  2  3  4  5  6  7  8  9 10 |
---------------+-------------------------------+-----
Conjurations   | 2 3 4 5 6 8 9 |  9.5
Spellcasting   | 3 4 5 6 8 9 |  9.2
Air Magic      | 4 5 6 7 9 10 | 10.1
Dodging        | |  2.1
Stealth        | |  1.7

Action                     |  1- 3 |  4- 6 |  7- 9 | 10-12 || total
---------------------------+-------+-------+-------+-------++-------
  Melee: Unarmed           |     1 |       |       |       ||     1
         Dagger            |     3 |     7 |       |       ||    10
         Whip              |       |       |    14 |       ||    14
   Cast: Shock             |    62 |    87 |    21 |       ||   170
         Static Discharge  |     4 |    11 |    15 |     2 ||    32
         Airstrike         |       |    14 |    67 |    22 ||   103
         Swiftness         |       |     1 |     1 |     1 ||     3
  Evoke: Wand              |       |     1 |     8 |     5 ||    14
    Use: Potion            |     1 |       |       |     2 ||     3
         Scroll            |       |     5 |     4 |     4 ||    13
 Armour: Robe              |    15 |    26 |    50 |    22 ||   113
  Dodge: Dodged            |     8 |    13 |    18 |     4 ||    43
  Block: Other             |       |     1 |    12 |     2 ||    15
         Reflection        |       |       |     3 |       ||     3

Table legend: (Time is in decaauts)
 A = Elapsed time spent in this place.
 B = Non-inter-level travel time spent in this place.
 C = Inter-level travel time spent in this place.
 D = Time resting spent in this place.
 E = Time spent auto-exploring this place.
 F = Levels seen in this place.
 G = Mean time per level.
                   A        B        C        D        E       F      G
               +--------+--------+--------+--------+--------+-----+--------+
         Total |  12693 |  11915 |    778 |   1950 |   8666 |  10 | 1269.3 |
       Dungeon |  12666 |  11900 |    766 |   1950 |   8666 |   9 | 1407.3 |
        Temple |     26 |     14 |     12 |      0 |      0 |   1 |   26.0 |
               +--------+--------+--------+--------+--------+-----+--------+

Top non-repeatable levels by time:
     D:4: 2141 daAuts
     D:8: 1881 daAuts
     D:6: 1863 daAuts
     D:2: 1799 daAuts
     D:5: 1462 daAuts
     D:1: 1353 daAuts
     D:7: 1181 daAuts
     D:3: 870 daAuts
     D:9: 112 daAuts
  Temple: 26 daAuts
